[Event "Reykjavik Open 2024"]
[Site "Reykjavik"]
[Date "2024.03.15"]
[Round "1.11"]
[White "Rittmann, Dirk"]
[Black "Adhiban, B.."]
[Result "0-1"]
[ECO "B66"]
[WhiteElo "2103"]
[BlackElo "2541"]
[Annotator "TA"]
[PlyCount "60"]
[EventDate "2024.03.12"]
[EventCountry "ISL"]
[SourceTitle "playchess.com"]
[Source "ChessBase"]
[SourceQuality "1"]
[TimeControl "40/5400+30:1800+30"]

1. e4 c5 2. Nf3 d6 3. d4 cxd4 4. Nxd4 Nf6 5. Nc3 Nc6 6. Bg5 e6 7. Qd2 a6 8. f4 h6 9. Bxf6 Qxf6 10. O-O-O (10. Nxc6 $11 bxc6 11. O-O-O) 10... Nxd4 $17 11. Qxd4 {[%emt 0:02:15] [#] e5 is the strong threat.} Qxf4+ 12. Kb1 {[%emt 0:00:26] Black is better.} Qe5 {[%emt 0:34:02] Prevents Bb5+} 13. Qb6 {[%emt 0:32:00][%cal Oc3b5] And now Nb5! would win.} Be7 14. Be2 Bd8 15. Qxd6 Qxd6 16. Rxd6 Bc7 17. Rd3 Bd7 $36 {[%emt 0:02:06][%mdl 2048] Black has the initiative.} 18. g4 Ke7 19. h3 Bc6 20. Rf1 Be5 21. Bf3 Rhd8 22. Rfd1 g5 23. Rxd8 (23. Ne2 $17) 23... Rxd8 $19 24. Rxd8 Kxd8 $17 {[%emt 0:00:01][%mdl 4096] Endgame. KBB-KBN} 25. Ne2 {[%emt 0:00:08] [#]} (25. Nd1 {might work better.}) 25... f5 $1 $19 26. c3 (26. c4 fxe4) 26... fxe4 ({Weaker is} 26... Bxe4+ 27. Bxe4 fxe4 28. Kc2 $17) 27. Bg2 Kc7 28. Kc2 Kd6 29. Nc1 Bf4 {[%emt 0:00:54] Strongly threatening ...Bxc1.} 30. Nb3 e3 {[%emt 0:02:41] Weighted Error Value: White=0.26 (precise) /Black=0.02 (flawless) .  Mistake:       	White=2     	---        Inaccurate:     	White=3     	---        OK:         	White=4     	Black=12     Best:        	White=1     	Black=2} 0-1

[Event "Reykjavik Open 2024"]
[Site "Reykjavik"]
[Date "2024.03.15"]
[Round "1.12"]
[White "Fernandez, Daniel Howard"]
[Black "Maack, Kjartan"]
[Result "1-0"]
[ECO "D02"]
[WhiteElo "2532"]
[BlackElo "2102"]
[Annotator "ChessBase"]
[PlyCount "75"]
[EventDate "2024.03.12"]
[EventCountry "ISL"]
[SourceTitle "playchess.com"]
[Source "ChessBase"]
[SourceQuality "1"]
[TimeControl "40/5400+30:1800+30"]

1. d4 d5 2. g3 Bf5 3. Nf3 e6 4. c4 Nf6 5. Nc3 Bb4 6. Qa4+ Nc6 7. Ne5 O-O 8. Nxc6 Bxc3+ 9. bxc3 bxc6 10. Bg2 Qd7 11. O-O h6 12. Re1 Bg6 13. Bf4 Rfb8 14. cxd5 exd5 15. c4 Rb2 16. Rac1 Be4 17. f3 Bf5 18. cxd5 cxd5 19. Qxd7 Bxd7 20. Rxc7 Rxa2 21. Be5 Be6 22. Bxf6 gxf6 23. f4 Rd8 24. Kf2 Bf5 25. Rec1 Bg4 26. Re7 a5 27. Rcc7 Be6 28. Bf3 a4 29. Bh5 Rf8 30. g4 f5 31. gxf5 Bxf5 32. Rxf7 Be4 33. f5 Rxf7 34. Bxf7+ Kh8 35. f6 Bf5 36. Bxd5 Rb2 37. f7 Kg7 38. f8=B+ 1-0

[Event "Reykjavik Open 2024"]
[Site "Reykjavik"]
[Date "2024.03.15"]
[Round "1.13"]
[White "Reimer, Philip"]
[Black "Klimkowski, Jan"]
[Result "0-1"]
[ECO "B12"]
[WhiteElo "2095"]
[BlackElo "2532"]
[Annotator "TA"]
[PlyCount "116"]
[EventDate "2024.03.12"]
[EventCountry "ISL"]
[SourceTitle "playchess.com"]
[Source "ChessBase"]
[SourceQuality "1"]
[TimeControl "40/5400+30:1800+30"]

1. e4 c6 2. d4 d5 3. e5 Bf5 4. Nf3 e6 5. Be2 Ne7 6. O-O c5 7. dxc5 Nec6 8. Be3 Nd7 9. c4 dxc4 {[%emt 0:04:10] Die Stellung ist ausgeglichen.} 10. Na3 Bxc5 11. Bxc5 Nxc5 12. Nxc4 O-O $1 13. Rc1 Bg6 14. Nd6 Qb6 15. Nc4 $36 {[%emt 0:02:15][%mdl 2048] Weiss hat Druck.} Qd8 16. Nd6 b6 (16... Qb6 $11) 17. a3 a5 18. Bb5 Ne7 (18... Na7 $14) 19. b4 axb4 20. axb4 Na6 21. Qd4 Nc7 {[%emt 0:12:21] ...Nxb5 wäre nun fies.} 22. Qxb6 ({Vorzuziehen ist} 22. Bc4 $14) 22... Ned5 $1 $11 23. Qc5 Nxb5 24. Nxb5 Bd3 25. Rfe1 Bxb5 26. Qxb5 Rb8 27. Qc5 Rxb4 28. g3 Rb2 29. Rc2 Rb7 {[%emt 0:02:38] Weiss muss nun ...Rc7 beachten.} 30. Qd4 Rb3 31. Qe4 Rb4 32. Rc4 Rb8 33. Rec1 h6 34. Kg2 Qa5 35. Nd4 Qa8 36. Nf3 Rb2 37. R4c2 Rb3 {[%emt 0:00:30][%cal Od5e3] Und jetzt ...Ne3+! wäre schön.} 38. Rc6 Nb4 39. R6c4 Nd5 (39... Qxe4 {vereinfacht} 40. Rxe4 Rb2 41. Rd1 Ra8) 40. Rc6 Qb7 41. Nd2 Rb5 42. Kg1 Rd8 43. R6c2 Qb8 44. Nf3 Rb4 45. Rc4 Rxc4 46. Qxc4 Qb2 47. Re1 Ra8 48. Qe2 Qc3 49. Kg2 Ra3 50. Rb1 {[%emt 0:03:09] Droht stark Rb8+.} g6 51. Qe4 Ra2 52. Kg1 Qc5 53. Qd4 Qc2 {[%emt 0:01:11] Schwarz steht aktiver.} 54. Re1 Kg7 55. Kg2 Ne7 {[%emt 0:03:38] Droht ...Nf5 und aus.} 56. Rd1 $2 {[%emt 0:00:42][%mdl 8192] [#]} (56. Ra1 $17) 56... Nf5 $1 $19 {[%emt 0:00:31] Schwarz steht klar auf Gewinn.} 57. Qd2 Qb3 58. Qd8 {[%emt 0:01:12] [#]} Qxd1 $3 {[%emt 0:00:22][%mdl 512] Gewichteter Fehlerwert: Weiß=0.32/Schwarz=0.07 (makellos) .  Verlustzug:     	Weiß=1     	---        Fehler:       	Weiß=1     	Schwarz=2     Ungenau:       	Weiß=2     	---        OK:         	Weiß=16    	Schwarz=25    Bester:       	---       	Schwarz=1     Stark:        	---       	Schwarz=2} 0-1

[Event "Reykjavik Open 2024"]
[Site "Reykjavik"]
[Date "2024.03.15"]
[Round "1.14"]
[White "Yilmazyerli, Mert"]
[Black "Pollack, Oscar"]
[Result "1-0"]
[ECO "C05"]
[WhiteElo "2526"]
[BlackElo "2092"]
[Annotator "TA"]
[PlyCount "79"]
[EventDate "2024.03.12"]
[EventCountry "ISL"]
[SourceTitle "playchess.com"]
[Source "ChessBase"]
[SourceQuality "1"]
[TimeControl "40/5400+30:1800+30"]

1. e4 e6 2. d4 d5 3. Nd2 Nf6 4. e5 Nfd7 5. c3 c5 6. f4 Nc6 7. Ndf3 Qb6 8. g3 cxd4 9. cxd4 Bb4+ 10. Kf2 f6 11. Kg2 fxe5 12. fxe5 O-O 13. Bd3 {[%emt 0:00:07][%cal Od3h7] Hoping for Bxh7+!} Nxd4 (13... Be7 $16 {was called for.}) 14. Nxd4 {[%emt 0:00:07] Black must now prevent Ngf3.} Nxe5 15. Ngf3 Nxf3 {[%emt 0:18:59] White is clearly better.} 16. Nxf3 {[%emt 0:00:05] Strongly threatening Rf1.} e5 17. Bc2 {[%emt 0:02:16][%cal Oh1f1] Threatens to win with Rf1!} (17. Nxe5 $2 Qf2#) 17... Bg4 18. Qxd5+ Kh8 19. Be4 (19. Nxe5 $2 Qf2#) ({Only move:} 19. Rf1 $18) 19... Qa6 $1 $15 {[%emt 0:05:29] ( -> ...Qe2+)} 20. Rf1 $2 {[%emt 0:43:56] [#]} (20. Qxb7 $2 Qe2+ 21. Kg1 Bc5+) (20. Bd3 $1 $15 Rad8 21. Bxa6 (21. Qxe5 $2 Bxf3+ 22. Kh3 Rxd3 $19) 21... Rxd5 22. Be2 (22. Bxb7 $2 Bxf3+ 23. Kh3 Bxh1 $19)) 20... Bh3+ $1 $40 {[%emt 0:06:33][%mdl 640] Black wants a kill.} 21. Kxh3 Qxf1+ 22. Kg4 {[%emt 0:05:21] [#]} h5+ $1 23. Kh4 (23. Kxh5 $2 Rxf3 24. Kg4 (24. Bxf3 $2 Qh3+ 25. Kg6 Re8 $19) 24... Rf2 $19) 23... Be7+ $1 24. Bg5 Bxg5+ (24... Qxa1 $2 25. Bxe7 Rxf3 26. Qxe5 $18 (26. Bxf3 Qxb2 27. Kh3 Qc3 $18) (26. Bxf3 Qxb2 27. Kh3 Qc3 $18)) 25. Nxg5 (25. Kxg5 $17 Qxa1 26. Nxe5 Qc1+ (26... Qxb2 27. Ng6+ Kh7 28. Nxf8+ Kh8 29. Ng6+ Kh7 30. Ne5+ Kh8 31. Nf7+ Kg8 32. Nh6+ Kh8 33. Qg8+ Rxg8 34. Nf7#) 27. Kh4) 25... Qxa1 26. Qxb7 (26. Nf7+ Rxf7 27. Qxf7) 26... Qf1 $1 {[%emt 0:04:05] And now ...Qf2 would win.} ({And not} 26... Qxa2 27. Qc6 Rfe8 (27... Qxb2 28. Qg6) 28. Qg6 $11) 27. Qc6 Qf6 28. Qxf6 gxf6 29. Ne6 Rab8 30. Nxf8 Rxf8 31. Kxh5 {[%emt 0:00:38][%mdl 4096] Endgame. KR-KB} (31. Bf3 $142) 31... f5 32. Bd5 f4 $2 (32... e4 33. Kg5 Rd8 34. Kxf5 e3 (34... Rxd5+ $2 35. Kxe4 Rd2 36. b4 $19)) 33. Kg4 $2 (33. gxf4 {was forced.} Rxf4 (33... exf4 $2 34. Kg4 $19) 34. Kg5) 33... Kg7 $2 (33... fxg3 34. hxg3 Kg7) 34. b3 $2 (34. gxf4 {only move.} Rxf4+ 35. Kg5) 34... Rd8 35. Be4 {[%emt 0:00:26] [#]} fxg3 36. hxg3 Kf6 37. Kf3 Kg5 38. g4 Rc8 {[%emt 0:00:25] ...Rc3+ is the strong threat.} 39. Bf5 {[%emt 0:00:16] [#]} Kf6 $4 40. Bxc8 {[%emt 0:00:02] Weighted Error Value: White=0.93/Black=0.56.  Loses game:     	White=1     	---        Missed win:     	White=1     	Black=1      Mistake:       	White=4     	---        Inaccurate:     	White=1     	---        OK:         	White=7     	Black=6      Best:        	White=5     	Black=6      Strong:       	---       	Black=3      Brilliant:      	---       	Black=1} 1-0

[Event "Reykjavik Open 2024"]
[Site "Reykjavik"]
[Date "2024.03.15"]
[Round "1.15"]
[White "Harish, Neeraj"]
[Black "Krzyzanowski, Marcin"]
[Result "1/2-1/2"]
[ECO "B32"]
[WhiteElo "2090"]
[BlackElo "2524"]
[Annotator "RC"]
[PlyCount "141"]
[EventDate "2024.03.12"]
[EventCountry "ISL"]
[SourceTitle "playchess.com"]
[Source "ChessBase"]
[SourceQuality "1"]
[TimeControl "40/5400+30:1800+30"]

1. e4 c5 2. Nf3 Nc6 3. d4 cxd4 4. Nxd4 e5 5. Nb5 d6 6. c4 Be6 7. Bd3 g6 8. O-O Bg7 9. Bc2 Bf8 10. b3 a6 11. N5c3 Nf6 12. Nd5 Nd4 13. Nbc3 Bg7 14. Be3 O-O 15. f3 Rc8 16. Bd3 Nxd5 17. Nxd5 f5 18. exf5 Nxf5 19. Bb6 Qg5 20. Be4 Kh8 21. Qe1 Bd7 22. Rd1 Bc6 23. Qd2 Bh6 24. Qxg5 Bxg5 25. Rd3 Bd8 26. Rfd1 Kg7 27. Bxd8 Rcxd8 28. Bxf5 Rxf5 29. Ne3 Rg5 30. Rxd6 Rf8 31. h4 Rh5 32. Ng4 e4 33. fxe4 Rxh4 34. Ne5 Bxe4 35. Rd7+ Kg8 36. Re7 Bf5 37. Rxb7 Re8 38. Nf3 Rhe4 39. c5 g5 40. c6 g4 41. Nh4 Bc8 42. Rb8 g3 43. Nf3 Re2 44. Rb4 Rxa2 45. Rbd4 Rc2 46. Rd6 Bg4 47. Rf1 a5 48. Nd4 Rc5 49. Rdf6 h5 50. Nf5 Bxf5 51. R6xf5 Rxc6 52. Rg5+ Kh7 53. Rxg3 Re5 54. Rf7+ Kh6 55. Rf8 Rg6 56. Rh8+ Kg7 57. Rg8+ Kxg8 58. Rxg6+ Kf7 59. Ra6 Rb5 60. Kf2 Ke7 61. Ke2 Rg5 62. Kf3 Kd7 63. Ke4 Kc7 64. Rh6 Rb5 65. Kd4 Rxb3 66. Rxh5 a4 67. Ra5 Rg3 68. Kc4 Rxg2 69. Rxa4 Rg4+ 70. Kb3 Rxa4 71. Kxa4 1/2-1/2

[Event "Reykjavik Open 2024"]
[Site "Reykjavik"]
[Date "2024.03.15"]
[Round "1.16"]
[White "Gokerkan, Cem Kaan"]
[Black "Fossheim, Yngve"]
[Result "1-0"]
[ECO "B31"]
[WhiteElo "2523"]
[BlackElo "2090"]
[Annotator "ChessBase"]
[PlyCount "85"]
[EventDate "2024.03.12"]
[EventCountry "ISL"]
[SourceTitle "playchess.com"]
[Source "ChessBase"]
[SourceQuality "1"]
[TimeControl "40/5400+30:1800+30"]

1. e4 c5 2. Nf3 Nc6 3. Bb5 g6 4. Bxc6 dxc6 5. d3 Bg7 6. O-O Nf6 7. Re1 Nd7 8. h3 e5 9. a4 a5 10. Na3 Qc7 11. Be3 b6 12. Qd2 Nf8 13. Bh6 f6 14. c3 Bxh6 15. Qxh6 Ne6 16. d4 cxd4 17. cxd4 exd4 18. e5 f5 19. Nc4 Ba6 20. Nd6+ Kd8 21. Nxd4 Nxd4 22. Qh4+ Qe7 23. Qxd4 c5 24. Qf4 Kc7 25. Nf7 Rhf8 26. e6+ Kb7 27. Rad1 Rxf7 28. exf7 Qxf7 29. Qf3+ Ka7 30. Qc6 Bc8 31. Qd6 Bb7 32. Re6 Rc8 33. Qxb6+ Kb8 34. Red6 Qc7 35. Qb5 c4 36. Rd7 Qc6 37. Qxc6 Bxc6 38. Rxh7 Bxa4 39. Ra1 Bc6 40. Rxa5 Rd8 41. Ra6 Rd1+ 42. Kh2 Bd5 43. Rxg6 1-0

[Event "Reykjavik Open 2024"]
[Site "Reykjavik"]
[Date "2024.03.15"]
[Round "1.17"]
[White "Sivanandan, Bodhana"]
[Black "Prraneeth Vuppala"]
[Result "0-1"]
[ECO "B23"]
[WhiteElo "2088"]
[BlackElo "2506"]
[Annotator "TA"]
[PlyCount "120"]
[EventDate "2024.03.12"]
[EventCountry "ISL"]
[SourceTitle "playchess.com"]
[Source "ChessBase"]
[SourceQuality "1"]
[TimeControl "40/5400+30:1800+30"]

1. e4 c5 2. Nc3 d6 3. f4 g6 4. Nf3 Bg7 5. Bb5+ Bd7 6. a4 Nc6 7. d3 a6 8. Bxc6 {[%emt 0:01:37] The position is equal.} Bxc6 9. a5 Nf6 10. O-O O-O 11. Qe1 e6 12. e5 dxe5 13. Nxe5 Rc8 14. Be3 Nd7 15. Nc4 Qc7 16. Qf2 Bd5 17. Na4 (17. Nd2 $11) 17... Bxc4 $17 18. dxc4 Rfd8 (18... Qxa5 $5 19. Nxc5 Qc7 20. Nxd7 Qxd7 $11) 19. Rfd1 (19. Qf3 $15) 19... Qxa5 20. Bd2 Qc7 21. Qf3 (21. Qe2 $17) 21... b5 $19 22. cxb5 axb5 23. Nc3 b4 24. Na4 Nb6 25. Nxb6 Qxb6 26. c3 h5 27. Be1 Qb5 28. h3 Bf6 29. Rac1 b3 30. Kh2 c4 31. Bf2 Qf5 ({Better is} 31... Rxd1 $19 32. Rxd1 e5) 32. Be3 h4 33. Qf2 (33. Kg1 $17 {keeps fighting.}) 33... Rd5 34. Rxd5 Qxd5 35. Bd4 $2 {[%emt 0:01:37] [#]} (35. Qf3) 35... Bxd4 36. Qxd4 Qxd4 37. cxd4 {[%emt 0:00:07][%mdl 4096] Endgame. KR-KR} Kg7 38. Kg1 (38. Rc3 $142) 38... Kf6 39. Kf2 Kf5 40. Kf3 {[%emt 0:01:31] [#]} c3 $1 41. bxc3 (41. Rb1 c2) 41... b2 42. Rb1 Rxc3+ 43. Kf2 Rb3 {[%emt 0:00:00] Black mates.} 44. Ke2 Kxf4 45. Kd2 Kg3 46. Kc2 Rb8 47. Rxb2 Rxb2+ 48. Kxb2 Kxg2 {[%emt 0:00:00] KP-KP} 49. Kc3 Kxh3 50. Kd3 Kg3 51. Ke4 h3 52. Ke5 h2 53. Kf6 h1=Q 54. Kxf7 Qd5 55. Kxg6 Qf5+ 56. Kg7 Kg4 57. Kg8 Kg5 58. Kg7 Qf6+ 59. Kg8 Kg6 60. d5 Qg7# {[%emt 0:00:00] Weighted Error Value: White=0.51/Black=0.09 (flawless) .  Mistake:       	White=6     	Black=1      Inaccurate:     	White=3     	Black=1      OK:         	White=10    	Black=11     Best:        	---       	Black=4} 0-1

[Event "Reykjavik Open 2024"]
[Site "Reykjavik"]
[Date "2024.03.15"]
[Round "1.18"]
[White "Suleymenov, Alisher"]
[Black "Schliebener, Stephan"]
[Result "1-0"]
[ECO "E11"]
[WhiteElo "2506"]
[BlackElo "2088"]
[Annotator "TA"]
[PlyCount "73"]
[EventDate "2024.03.12"]
[EventCountry "ISL"]
[SourceTitle "playchess.com"]
[Source "ChessBase"]
[SourceQuality "1"]
[TimeControl "40/5400+30:1800+30"]

1. d4 Nf6 2. c4 e6 3. Nf3 Bb4+ 4. Bd2 Qe7 5. g3 O-O 6. Bg2 Bxd2+ 7. Qxd2 d5 8. O-O Nbd7 9. b3 Ne4 10. Qc2 c6 {[%emt 0:01:53] Weiß hat minimalen Vorteil.} 11. Ne1 f5 12. Nd3 b6 13. cxd5 cxd5 14. Nd2 Nxd2 15. Qxd2 Bb7 16. Rfc1 Rfc8 {[%emt 0:02:37] Wehrt Rc7 ab} 17. b4 Ba6 18. Nb2 Nf6 19. a4 Ne4 20. Qe1 Rxc1 21. Rxc1 Rc8 22. b5 Bb7 23. Rxc8+ Bxc8 24. Qc1 Nd6 25. Nd3 (25. Bf1 $14) 25... a6 $11 26. bxa6 Bxa6 27. Nf4 Bb7 {[%emt 0:09:08] Verhindert Qc6} 28. Qe3 {[%emt 0:04:09][%cal Og2d5] [#] Bxd5! wäre nun fies.} Kf7 $1 29. Qe5 $36 {[%emt 0:02:22][%mdl 2048] Weiss drückt.} Nc4 30. Qb8 {[%emt 0:00:20] Und jetzt Qh8 wäre schön.} Bc6 (30... g5 $1 $11 {hält das Gleichgewicht.} 31. Nd3 Bc6) 31. Qh8 $16 {[%emt 0:00:59] Weiß steht aktiver.} h6 {[%emt 0:01:29] Verliert die Partie.} (31... Bd7 $16 {kämpft weiter.}) 32. Bf3 $18 Qf6 $2 (32... Kf6 33. h4 Nd2) 33. Qc8 {[%emt 0:02:21] [#] Schwarz muss nun Bh5+ beachten.} Bxa4 34. Bh5+ Ke7 35. Qc7+ Kf8 36. Ng6+ Ke8 37. Qc8+ {[%emt 0:00:10] Gewichteter Fehlerwert: Weiß=0.07 (makellos) /Schwarz=0.36.  Fehler:       	Weiß=1     	Schwarz=3     Ungenau:       	Weiß=1     	Schwarz=2     OK:         	Weiß=9     	Schwarz=8     Bester:       	Weiß=3     	Schwarz=1     Stark:        	---       	Schwarz=1} 1-0

[Event "Reykjavik Open 2024"]
[Site "Reykjavik"]
[Date "2024.03.15"]
[Round "1.20"]
[White "Balakrishnan, Praveen"]
[Black "Beisteiner, Joachim"]
[Result "1-0"]
[ECO "D37"]
[WhiteElo "2490"]
[BlackElo "2079"]
[Annotator "TA"]
[PlyCount "75"]
[EventDate "2024.03.12"]
[EventCountry "ISL"]
[SourceTitle "playchess.com"]
[Source "ChessBase"]
[SourceQuality "1"]
[TimeControl "40/5400+30:1800+30"]

1. d4 d5 2. Nf3 e6 3. c4 Nf6 4. Nc3 Be7 5. Bf4 O-O 6. e3 b6 7. Be2 Bb7 8. cxd5 Nxd5 9. Nxd5 Qxd5 {[%emt 0:00:42] The position is equal.} 10. Bxc7 Bb4+ 11. Kf1 Nc6 12. a3 Be7 13. Kg1 Rac8 14. Bg3 Rfd8 15. h3 Bd6 16. Kh2 Bxg3+ 17. fxg3 e5 18. dxe5 Qe4 ({Much weaker is} 18... Nxe5 19. Qxd5 Rxd5 20. Rhc1 $16) 19. Qb1 Qxe3 20. Re1 {[%emt 0:00:48][%cal Oe2a6] [#] Hoping for Ba6!} Qf2 $2 (20... Nxe5 $14 21. Nxe5 (21. Bd1 Qf2 $17) 21... Qxe5) 21. Bf1 $2 (21. Ng5 $18 Nd4 22. Qxh7+ Kf8 23. Ne4 Bxe4 24. Qxe4) 21... Nd4 22. Nxd4 Qxd4 23. Re2 ({White should play} 23. e6 $16 {Threatens to win with exf7+.} fxe6 24. Rxe6) 23... Re8 (23... Bd5 $11 {keeps the balance.}) 24. Qf5 Rc5 25. Qf4 $40 {[%emt 0:04:12][%mdl 128] White wants a kill.} Qd7 26. Rae1 Qe6 (26... g6 $142) 27. Rf2 h6 28. Bd3 {[%emt 0:05:13] Black must now prevent Bf5.} Bd5 29. Bb1 Bb3 30. Rfe2 Bc4 31. Rd2 Bd5 (31... Rd5 $16) 32. Qd4 (32. b4 $18 Rc7 33. Bf5) 32... Ba2 $2 {[%emt 0:00:45] [#]} (32... Bb3 $16) 33. Bxa2 $18 Qxa2 34. b4 $1 Rc2 35. Rxc2 Qxc2 36. Qd7 {[%emt 0:00:13][%csl LRa7,LRe8] Prevents Qc7.} Re6 37. Qxa7 Kh7 $2 (37... Qd3 {is a better defense.} 38. Rc1 Rg6 39. Qa8+ Kh7) 38. Qxf7 {[%emt 0:00:09] Weighted Error Value: White=0.24 (precise) /Black=0.42.  Loses game:     	---       	Black=2      Missed win:     	White=1     	---        Mistake:       	White=2     	Black=4      Inaccurate:     	White=4     	Black=3      OK:         	White=13    	Black=7      Best:        	White=3     	---} 1-0

[Event "Reykjavik Open 2024"]
[Site "Reykjavik"]
[Date "2024.03.15"]
[Round "1.21"]
[White "Payne, Matthew J"]
[Black "Stefansson, Hannes"]
[Result "1/2-1/2"]
[ECO "B43"]
[WhiteElo "2077"]
[BlackElo "2481"]
[Annotator "TA"]
[PlyCount "55"]
[EventDate "2024.03.12"]
[EventCountry "ISL"]
[SourceTitle "playchess.com"]
[Source "ChessBase"]
[SourceQuality "1"]
[TimeControl "40/5400+30:1800+30"]

1. e4 c5 2. Nf3 e6 3. Nc3 a6 4. g3 b5 5. d4 cxd4 6. Nxd4 b4 7. Na4 Bb7 8. Bg2 Nf6 9. O-O d5 (9... Bxe4 $11 10. Bxe4 Nxe4) 10. exd5 $16 Bxd5 11. Bxd5 Nxd5 {[%emt 0:00:32] White is better.} 12. c4 bxc3 13. bxc3 (13. Nxc3 Nxc3 14. bxc3 Nd7) 13... Nf6 (13... Be7 $142) 14. Rb1 Nbd7 {[%emt 0:03:16] [#]} 15. Re1 $1 Rc8 16. Qf3 Bc5 {[%emt 0:06:27] [#]} 17. Nxc5 (17. Nc6 $1 $16 Bxf2+ 18. Kxf2) 17... Nxc5 $11 18. Ba3 {[%emt 0:04:53] Hoping for Bxc5.} O-O 19. Nb3 {[%emt 0:03:45] White has more active pieces.} Nfd7 20. Nxc5 Nxc5 21. Qe3 Qa5 22. Bb4 Qc7 23. Red1 h6 {[%emt 0:01:55] Black is weak on the dark squares} 24. Rd4 Qb6 {[%emt 0:05:08] ...a5 would now be deadly.} 25. Rbd1 {[%emt 0:01:11] The position is equal.} Rfe8 26. Rc4 Na4 27. Rxc8 Rxc8 28. Qxb6 {[%emt 0:01:19] Weighted Error Value: White=0.11 (very precise) /Black=0.19 (very precise) .  Mistake:       	White=1     	Black=1      Inaccurate:     	White=2     	Black=2      OK:         	White=4     	Black=6      Best:        	White=2     	Black=2      Strong:       	White=1     	---} 1/2-1/2

[Event "Reykjavik Open 2024"]
[Site "Reykjavik"]
[Date "2024.03.15"]
[Round "1.22"]
[White "Steingrimsson, Hedinn"]
[Black "Jaksland, Tim"]
[Result "1-0"]
[ECO "E46"]
[WhiteElo "2477"]
[BlackElo "2076"]
[Annotator "TA"]
[PlyCount "63"]
[EventDate "2024.03.12"]
[EventCountry "ISL"]
[SourceTitle "playchess.com"]
[Source "ChessBase"]
[SourceQuality "1"]
[TimeControl "40/5400+30:1800+30"]

1. d4 Nf6 2. c4 e6 3. Nc3 Bb4 4. e3 O-O 5. Nge2 c6 6. a3 Ba5 7. b4 Bc7 8. Bb2 {[%emt 0:00:51] Die Stellung ist ausgeglichen.} d5 9. Ng3 Nbd7 10. Qc2 Re8 11. Rd1 Nf8 12. Be2 Ng6 13. O-O Qe7 14. f4 Nh4 15. e4 dxe4 16. Ncxe4 Nxe4 17. Nxe4 a5 18. Qc3 {[%emt 0:01:21] [#] Und jetzt d5 wäre schön.} f6 19. Rfe1 Ng6 (19... axb4 $11 {bleibt in der Remisbreite.} 20. axb4 Qf7) 20. g3 $16 {[%emt 0:00:21] Weiß steht aktiver.} axb4 21. axb4 e5 (21... Rd8 $16) 22. fxe5 (22. dxe5 $18 {und Weiss behält klar die Oberhand.} fxe5 23. c5) 22... fxe5 23. d5 cxd5 24. cxd5 Bd6 {[%emt 0:01:56] [#]} (24... Bb6+ $16 25. Kh1 Bf5) 25. Nxd6 $1 $18 Qxd6 26. Qc5 $36 {[%emt 0:00:07][%mdl 2048] Schwarz muss aufpassen.} Qxc5+ (26... Qd8 {kämpft weiter.} 27. d6 Kh8) 27. bxc5 Ra2 28. Rd2 Ra5 29. Rc1 {[%emt 0:00:43] Droht stark c6.} Bf5 $2 (29... Rd8 30. h4 Re8) 30. c6 {[%emt 0:12:06] Weiß steht klar auf Gewinn.} bxc6 31. dxc6 Kf7 (31... h6 $142 32. c7 Raa8) 32. Rf1 {[%emt 0:00:34] Gewichteter Fehlerwert: Weiß=0.09 (makellos) /Schwarz=0.32.  Fehler:       	Weiß=1     	Schwarz=6     Ungenau:       	Weiß=1     	Schwarz=1     OK:         	Weiß=6     	Schwarz=10    Bester:       	Weiß=4     	---        Stark:        	Weiß=1     	---} 1-0

[Event "Reykjavik Open 2024"]
[Site "Reykjavik"]
[Date "2024.03.15"]
[Round "1.23"]
[White "Barthel, Ansgar"]
[Black "Zhu, Jiner"]
[Result "0-1"]
[ECO "B45"]
[WhiteElo "2073"]
[BlackElo "2467"]
[Annotator "TA"]
[PlyCount "80"]
[EventDate "2024.03.12"]
[EventCountry "ISL"]
[SourceTitle "playchess.com"]
[Source "ChessBase"]
[SourceQuality "1"]
[TimeControl "40/5400+30:1800+30"]

1. e4 c5 2. Nf3 Nc6 3. d4 cxd4 4. Nxd4 Nf6 5. Nc3 e6 6. Ndb5 Bc5 7. Bf4 {[%emt 0:00:18] Threatens to win with Nc7+.} O-O 8. Bc7 $1 Qe7 {[%emt 0:00:06] White must now prevent ...d5.} 9. Bd6 $1 Bxd6 {[%emt 0:00:08] White is slightly better.} 10. Qxd6 Qd8 11. O-O-O a6 12. Nd4 Ne7 13. h4 b5 14. h5 Ne8 15. Qh2 h6 16. g4 Bb7 17. Bg2 b4 18. Nce2 Nf6 {[%emt 0:12:38] [#]} (18... Rc8 $11) 19. g5 $1 hxg5 20. h6 {[%emt 0:00:51] hxg7 would kill now.} Ng4 $1 21. Qg3 Nxh6 22. Qxg5 (22. f4 $14 g4 23. Rh5) 22... Ng6 $36 {[%emt 0:04:16][%mdl 2048] Black has good play.} 23. Nxe6 Qxg5+ 24. Nxg5 f6 25. Nh3 (25. Nf3 $11) 25... Nh4 $1 $15 26. Bf1 (26. Rxd7 $2 {too greedy.} Bc8 27. Rd3 Nxg2 $19) (26. Nhf4 $15 Nxg2 27. Nxg2 Bxe4 28. Rhg1) 26... Bxe4 $19 27. Rg1 Nf3 28. Ng3 Nxg1 29. Nxe4 Nxh3 30. Bxh3 Nf7 31. Bxd7 {[%emt 0:00:42] [#]} Rfd8 $1 32. Rg1 Ng5 (32... Rxd7 33. Nxf6+ Kh8 34. Rh1+ (34. Nxd7 a5 $16) 34... Nh6 35. Nxd7 $18) 33. Nc5 Ra7 34. f4 Nf7 35. Bf5 {[%emt 0:00:48][%mdl 8192] Loses the game.} (35. Be6 $17) 35... Rd5 $1 {[%emt 0:00:55][%csl LRc5,LRf5] Black is clearly winning.} 36. Ne6 Rxf5 37. Nxg7 Rd5 (37... Rxf4 38. Nh5+ (38. Ne6+ Ng5 $17) 38... Kf8 39. Nxf4 $11) 38. Ne6+ Kh7 39. Nf8+ {[%emt 0:00:30] [#]} Kh6 $1 40. Rh1+ Rh5 {[%emt 0:00:10] Weighted Error Value: White=0.39/Black=0.12 (very precise) .  Loses game:     	White=1     	---        Mistake:       	White=3     	Black=1      Inaccurate:     	White=5     	Black=3      OK:         	White=12    	Black=12     Best:        	---       	Black=6      Strong:       	White=2     	Black=2} 0-1